[Event "Titled Tuesday Blitz June 20 Late 2023"]
[White "Delorme, Axel"]
[Black "Quirke, Jeffrey"]
[WhiteFideId "632023"]
[BlackFideId "2013029"]
[WhiteElo "2478"]
[BlackElo "2231"]
[Result "1-0"]
[Round "7"]
[TimeControl "180+2"]
[Date "2023.06.20"]
[WhiteClock "0:01:14"]
[BlackClock "0:00:04"]
[Board "96"]

1. e4 e6 2. d4 d5 3. Nc3 dxe4 4. Nxe4 Bd7 5. Nf3 Bc6 6. Bd3 Nd7 7. Qe2 Ngf6 8. Nxf6+ Nxf6 9. Bd2 Bxf3 10. Qxf3 c6 11. c3 Be7 12. h4 O-O 13. h5 Qd5 14. Qf4 Bd6 15. Qh4 e5 16. O-O-O exd4 17. c4 Qe6 18. h6 g6 19. Rde1 Be5 20. f4 Qg4 21. fxe5 Qxh4 22. Rxh4 1-0


[Site "https://www.chess.com"]

[Event "Titled Tuesday Blitz June 20 Late 2023"]
[White "Hambleton, Aman"]
[Black "Florianovitz, Derlei Alex"]
[WhiteFideId "2606577"]
[BlackFideId "2114178"]
[WhiteElo "2511"]
[BlackElo "1953"]
[Result "1-0"]
[Round "7"]
[TimeControl "180+2"]
[Date "2023.06.20"]
[WhiteClock "0:00:04"]
[BlackClock "0:00:20"]
[Board "97"]

1. e4 e6 2. Nf3 d5 3. Nc3 Nf6 4. d3 dxe4 5. Nxe4 Nxe4 6. dxe4 Qxd1+ 7. Kxd1 Bc5 8. Ke1 Nc6 9. c3 O-O 10. Bf4 Bb6 11. Bb5 Bd7 12. Rd1 Rad8 13. Ke2 Nb8 14. Bxd7 Rxd7 15. Ne5 Rdd8 16. Nc4 f6 17. Nxb6 cxb6 18. Rxd8 Rxd8 19. Bc7 Rc8 20. Bxb8 Rxb8 21. Rd1 Rf8 22. e5 h6 23. Rd6 fxe5 24. Rxe6 Kf7 25. Rxe5 Rd8 26. c4 Kf6 27. Rd5 Rxd5 28. cxd5 Ke5 29. Ke3 Kxd5 30. f4 b5 31. g4 a5 32. Kd3 b4 33. b3 b5 34. Ke3 g6 35. Kd3 g5 36. Ke3 gxf4+ 37. Kxf4 Kd4 38. h4 Kc3 39. g5 hxg5+ 40. hxg5 Kb2 41. g6 Kxa2 42. g7 Kxb3 43. g8=Q+ Ka3 44. Ke3 b3 45. Kd2 b4 46. Kc1 b2+ 47. Kb1 a4 48. Qa2# 1-0


[Site "https://www.chess.com"]

[Event "Titled Tuesday Blitz June 20 Late 2023"]
[White "Jiang, Andrew"]
[Black "Ghazarian, Kirk"]
[WhiteFideId "30953510"]
[BlackFideId "30908604"]
[WhiteElo "1883"]
[BlackElo "2346"]
[Result "0-1"]
[Round "7"]
[TimeControl "180+2"]
[Date "2023.06.20"]
[WhiteClock "0:00:00"]
[BlackClock "0:00:14"]
[Board "98"]

1. e4 c5 2. c3 e5 3. Nf3 Nc6 4. Bc4 Nf6 5. Ng5 d5 6. exd5 Nxd5 7. Qf3 Qxg5 8. Bxd5 Qf6 9. O-O Qxf3 10. Bxf3 Bd6 11. Na3 Bf5 12. Re1 Kd7 13. Nc4 Rhe8 14. d3 Bxd3 15. Nxd6 Kxd6 16. Rd1 c4 17. Be4 Kc7 18. Bxd3 cxd3 19. Rxd3 Rad8 20. Rxd8 Rxd8 21. Be3 f5 22. g3 e4 23. Kf1 Na5 24. Ke2 Nc4 25. Bf4+ Kc6 26. b3 Nb2 27. Be5 g6 28. Bd4 a6 29. h4 Nd3 30. Ke3 Nc5 31. Kf4 Ne6+ 32. Ke3 Rc8 33. Rd1 Rd8 34. Rd2 b5 35. Rc2 a5 36. a3 a4 37. b4 Kd5 38. Bf6 Rf8 39. c4+ bxc4 40. Rd2+ Kc6 41. Be7 Re8 42. Rd6+ Kc7 43. Rxe6 Kd7 44. Rd6+ Kxe7 45. Rc6 Rd8 46. Rxc4 Rd3+ 47. Kf4 Rxa3 48. Ke5 Rf3 49. Rc7+ Kd8 50. Rxh7 Rxf2 51. Ra7 e3 52. Rxa4 e2 53. Kd6 Kc8 54. Kc6 Kb8 55. Ra5 e1=Q 56. b5 Qxa5 0-1


[Site "https://www.chess.com"]

[Event "Titled Tuesday Blitz June 20 Late 2023"]
[White "Itkis, Boris"]
[Black "MKlose11"]
[WhiteFideId "1209167"]
[WhiteElo "2219"]
[BlackElo "2575"]
[Result "0-1"]
[Round "7"]
[TimeControl "180+2"]
[Date "2023.06.20"]
[WhiteClock "0:00:16"]
[BlackClock "0:00:35"]
[Board "99"]

1. c4 Nf6 2. Nf3 c5 3. Nc3 Nc6 4. e3 g6 5. d4 cxd4 6. exd4 d5 7. cxd5 Nxd5 8. Qb3 e6 9. Nxd5 Qxd5 10. Qxd5 exd5 11. Bb5 Bd7 12. O-O f6 13. Bf4 a6 14. Ba4 Kf7 15. Bb3 Be6 16. Rfe1 Bb4 17. Re2 Rhe8 18. a3 Ba5 19. Kf1 Rad8 20. Rd1 Bb6 21. h3 Ba7 22. g4 Na5 23. Ba2 Nc4 24. Rde1 Bd7 25. Nd2 b5 26. Rxe8 Bxe8 27. Nb3 Nxb2 28. Nc5 Bxc5 29. dxc5 Nd3 30. Bd6 Nxe1 31. Bxd5+ Kg7 32. Kxe1 Bf7 33. Bb7 a5 34. Kf1 b4 35. axb4 axb4 36. c6 Rxd6 37. c7 Rd1+ 38. Ke2 Rc1 39. c8=Q Rxc8 40. Bxc8 g5 41. Kd3 Kf8 42. Bf5 h6 43. Kd4 Ke7 44. Bb1 Kd6 45. Bd3 Bd5 46. Bf5 b3 47. Bb1 Bg2 48. Bf5 Bxh3 49. Kc3 Ke5 50. Kxb3 Kf4 51. Kc4 Bxg4 0-1


[Site "https://www.chess.com"]

[Event "Titled Tuesday Blitz June 20 Late 2023"]
[White "Seletsky, Grigory"]
[Black "Hajiyev, Kanan"]
[WhiteFideId "14112191"]
[BlackFideId "13404148"]
[WhiteElo "2491"]
[BlackElo "2115"]
[Result "1-0"]
[Round "7"]
[TimeControl "180+2"]
[Date "2023.06.20"]
[WhiteClock "0:00:13"]
[BlackClock "0:00:50"]
[Board "100"]

1. b3 b5 2. Bb2 Bb7 3. Nf3 Nf6 4. e3 c5 5. Bxb5 e6 6. Be2 d5 7. O-O Bd6 8. Ne5 Qc7 9. Bb5+ Nbd7 10. f4 O-O 11. Nxd7 Nxd7 12. Bxd7 Qxd7 13. d3 f5 14. Nd2 a5 15. Nf3 a4 16. Ne5 Qc7 17. c4 a3 18. Bc3 dxc4 19. bxc4 Rfd8 20. Rb1 Ra7 21. Qe2 Ba8 22. Rb3 Bxe5 23. Bxe5 Qc6 24. Rf3 h6 25. Rg3 Kh7 26. h3 Qa4 27. Qh5 Qe8 28. Qe2 Qa4 29. Qh5 Qe8 30. Qd1 Bc6 31. Qc1 Rad7 32. Qxa3 Ra8 33. Qxc5 Rda7 34. Rb6 Ra6 35. Rxa6 Rxa6 36. a3 Ba8 37. Rxg7+ Kh8 38. Re7+ 1-0


[Site "https://www.chess.com"]

[Event "Titled Tuesday Blitz June 20 Late 2023"]
[White "Slavin, Alexey"]
[Black "ElDivis"]
[WhiteFideId "24104388"]
[WhiteElo "2264"]
[BlackElo "2532"]
[Result "0-1"]
[Round "7"]
[TimeControl "180+2"]
[Date "2023.06.20"]
[WhiteClock "0:00:13"]
[BlackClock "0:00:13"]
[Board "101"]

1. e4 c5 2. g3 d5 3. exd5 Qxd5 4. Qf3 Qxf3 5. Nxf3 g6 6. Bg2 Bg7 7. d3 Nf6 8. a3 O-O 9. Nc3 Bd7 10. Ne5 Bc8 11. O-O Nfd7 12. Nxd7 Nxd7 13. Re1 e6 14. Nb5 a6 15. Nd6 Rb8 16. Bf4 b5 17. Rab1 Rb6 18. Nxc8 Rxc8 19. h4 c4 20. Be3 Rd6 21. dxc4 bxc4 22. Red1 Rxd1+ 23. Rxd1 Ne5 24. Bd4 Rd8 25. Kf1 Ng4 26. c3 e5 27. Bh3 h5 28. f3 Ne3+ 29. Bxe3 Rxd1+ 30. Ke2 Rb1 31. Bc5 Rxb2+ 32. Ke3 f5 33. Bf1 Bh6+ 34. f4 Rh2 35. Bxc4+ Kg7 36. Bd6 exf4+ 37. gxf4 Rxh4 38. Be5+ Kh7 39. Bxa6 Rh3+ 40. Kd4 Rh4 41. Ke3 g5 42. fxg5 Bxg5+ 43. Kd3 Kg6 44. Bc8 Bf6 45. Bd4 Rh3+ 46. Kc4 Bxd4 47. Kxd4 h4 48. a4 Rh1 49. a5 h3 50. Ke5 Re1+ 51. Kf4 h2 52. Bxf5+ Kf6 53. Be4 Rxe4+ 54. Kxe4 h1=Q+ 55. Kd4 Qa8 56. c4 Ke7 57. Kc5 Kd7 58. Kb5 Kc7 59. c5 Qc6+ 60. Kb4 Kb7 61. Kc4 Ka6 62. Kb4 Qb5+ 63. Kc3 Qxc5+ 64. Kd3 Qxa5 0-1


[Site "https://www.chess.com"]

[Event "Titled Tuesday Blitz June 20 Late 2023"]
[White "Omariev, Maksim"]
[Black "Bruedigam, Martin"]
[WhiteFideId "4193423"]
[BlackFideId "24608033"]
[WhiteElo "2410"]
[BlackElo "2331"]
[Result "1-0"]
[Round "7"]
[TimeControl "180+2"]
[Date "2023.06.20"]
[WhiteClock "0:00:05"]
[BlackClock "0:00:00"]
[Board "102"]

1. e4 e5 2. Nf3 Nc6 3. Bb5 a6 4. Ba4 Nf6 5. O-O Be7 6. Re1 b5 7. Bb3 d6 8. c3 O-O 9. h3 Na5 10. Bc2 c5 11. d4 Qc7 12. Nbd2 Bd7 13. Nf1 Nc6 14. Ng3 cxd4 15. cxd4 Nxd4 16. Nxd4 exd4 17. Bf4 Be6 18. Rc1 Qa7 19. Bb1 Nd7 20. Ne2 Rac8 21. Nxd4 Rxc1 22. Bxc1 Ne5 23. Bf4 Bd7 24. b3 Rc8 25. Be3 Qc7 26. f4 Nc6 27. Qh5 Nxd4 28. Bxd4 Qd8 29. Rd1 g6 30. Qf3 Bc6 31. Qd3 Bb7 32. Kh1 Bf6 33. Bg1 Kg7 34. Kh2 Qe8 35. Bd4 Bxd4 36. Qxd4+ Kg8 37. Qxd6 Bxe4 38. Re1 Qc6 39. Qe5 Bxb1 40. Rxb1 Re8 41. Qd4 Qc2 42. Rb2 Qc1 43. Rd2 h5 44. f5 Qc7+ 45. Kg1 Qc1+ 46. Kf2 Qe1+ 47. Kf3 Qf1+ 48. Rf2 Qb1 49. fxg6 fxg6 50. Kg3 Qe4 51. Qxe4 Rxe4 52. Rf6 Kg7 53. Rxa6 Re3+ 54. Kf4 Re2 55. Kf3 Rb2 56. g4 h4 57. g5 Kf7 58. Rf6+ Kg7 59. Ra6 b4 60. Kg4 Rg2+ 61. Kxh4 Kf7 62. Rf6+ Kg7 63. Ra6 Kf7 64. Ra4 Kg7 65. Rxb4 Rxa2 66. Rb7+ Kg8 67. b4 Rb2 68. Kg4 Rb3 69. h4 Rb1 70. Kf4 Rh1 71. Ke5 Rxh4 72. Kf6 Rd4 73. Kxg6 Rd6+ 74. Kh5 Rc6 75. b5 Rd6 76. b6 Rc6 77. Kg4 Rd6 78. Kf5 Rc6 79. Ke5 Rg6 80. Kf5 Rc6 81. Kg4 Rc4+ 82. Kh5 Rc6 83. g6 Rc1 84. Rb8+ Kg7 85. Rb7+ Kg8 86. g7 Kh7 87. Kg5 Rc6 88. Kf5 Rc1 89. Ke5 Rf1 90. Kd5 Rd1+ 91. Kc6 Rc1+ 92. Kb5 Rb1+ 93. Kc6 Rc1+ 94. Kd7 Rb1 95. Kc8 Kg8 96. Kb8 Rb2 97. Ka8 Ra2+ 98. Ra7 Rb2 99. b7 1-0


[Site "https://www.chess.com"]

[Event "Titled Tuesday Blitz June 20 Late 2023"]
[White "Arnold, Ken"]
[Black "Muradov, Soltan"]
[WhiteFideId "2056836"]
[BlackFideId "14002108"]
[WhiteElo "2399"]
[BlackElo "2163"]
[Result "1-0"]
[Round "7"]
[TimeControl "180+2"]
[Date "2023.06.20"]
[WhiteClock "0:01:23"]
[BlackClock "0:00:31"]
[Board "103"]

1. d4 Nf6 2. Nf3 g6 3. g3 Bg7 4. Bg2 O-O 5. O-O d6 6. c3 Nc6 7. Bf4 Re8 8. Na3 Bg4 9. h3 Bxf3 10. exf3 e5 11. dxe5 dxe5 12. Be3 Qe7 13. Qb3 b6 14. Rfd1 Rad8 15. Nb5 a6 16. Na3 a5 17. Qa4 Qe6 18. Bf1 Ne7 19. Bb5 Qxh3 20. Bxe8 Rxe8 21. Bg5 Rf8 22. Bxf6 Bxf6 23. Qg4 Qh6 24. Rd7 c6 25. Rad1 Nf5 26. Nc4 b5 27. Nd6 Nxd6 28. R7xd6 Qg7 29. Rxc6 h5 30. Qd7 h4 31. Rc8 Rxc8 32. Qxc8+ Kh7 33. Qg4 hxg3 34. fxg3 a4 35. Kg2 Kg8 36. Qc8+ Kh7 37. Rh1+ 1-0


[Site "https://www.chess.com"]

[Event "Titled Tuesday Blitz June 20 Late 2023"]
[White "Avalos Parra, Joao"]
[Black "Liu, Casper"]
[WhiteFideId "3402541"]
[BlackFideId "1454153"]
[WhiteElo "2173"]
[BlackElo "2221"]
[Result "0-1"]
[Round "7"]
[TimeControl "180+2"]
[Date "2023.06.20"]
[WhiteClock "0:00:16"]
[BlackClock "0:01:10"]
[Board "104"]

1. d4 d5 2. c4 e6 3. Nf3 Nf6 4. Nc3 Nbd7 5. Bf4 Bb4 6. e3 O-O 7. Bd3 c5 8. O-O dxc4 9. Bxc4 Bxc3 10. bxc3 b6 11. Re1 Bb7 12. Bd3 Rc8 13. e4 cxd4 14. cxd4 Re8 15. h3 h6 16. Qe2 Nf8 17. Rad1 Ng6 18. Bh2 Rc3 19. Bb5 Re7 20. Qd2 Qc8 21. Bd3 b5 22. Ne5 b4 23. Nxg6 fxg6 24. Be5 Nd7 25. Bd6 Rf7 26. Bxb4 Rc6 27. d5 exd5 28. exd5 Rb6 29. Ba5 Rbf6 30. Re2 Bxd5 31. Bxg6 Rxg6 32. Qxd5 Nf6 33. Qb3 Qb7 34. Qxb7 Rxb7 35. Rd8+ Kh7 36. Rd6 Nh5 37. Bd2 Rxd6 0-1


[Site "https://www.chess.com"]

[Event "Titled Tuesday Blitz June 20 Late 2023"]
[White "Uzcategui Rodriguez, Alejandro"]
[Black "K2JW"]
[WhiteFideId "3903400"]
[WhiteElo "2252"]
[BlackElo "2338"]
[Result "1-0"]
[Round "7"]
[TimeControl "180+2"]
[Date "2023.06.20"]
[WhiteClock "0:00:24"]
[BlackClock "0:00:02"]
[Board "105"]

1. d4 Nf6 2. Nf3 g6 3. Bg5 Bg7 4. Nbd2 O-O 5. e3 d6 6. Bc4 c6 7. O-O Qc7 8. c3 Bf5 9. Re1 Ne4 10. Nxe4 Bxe4 11. Nd2 d5 12. Nxe4 dxc4 13. Qe2 b5 14. Nc5 Re8 15. a4 Nd7 16. Nxd7 Qxd7 17. Qf3 e5 18. dxe5 Bxe5 19. Red1 Qe6 20. Bf4 Bg7 21. Rd6 Qe7 22. Rxc6 Rad8 23. axb5 Rd2 24. Rxc4 Red8 25. Rc7 Qe6 26. h3 Qb3 27. Raxa7 Qxb2 28. Rxf7 Bxc3 29. Bh6 Rd1+ 30. Kh2 Be5+ 31. g3 R1d2 32. Rg7+ Bxg7 33. Qf7+ Kh8 34. Bxg7+ Qxg7 35. Qxg7# 1-0


[Site "https://www.chess.com"]

[Event "Titled Tuesday Blitz June 20 Late 2023"]
[White "Santos Flores, Alberto"]
[Black "Vaglio Munoz, Jaime"]
[WhiteFideId "3601234"]
[BlackFideId "6500145"]
[WhiteElo "2235"]
[BlackElo "2199"]
[Result "1-0"]
[Round "7"]
[TimeControl "180+2"]
[Date "2023.06.20"]
[WhiteClock "0:00:08"]
[BlackClock "0:00:00"]
[Board "106"]

1. e4 c5 2. Nf3 Qa5 3. Nc3 a6 4. d4 b5 5. dxc5 e6 6. Be3 b4 7. Nb1 Bxc5 8. Bxc5 Qxc5 9. Bd3 Bb7 10. O-O Nf6 11. Nbd2 Nc6 12. Qe2 Nd4 13. Nxd4 Qxd4 14. b3 d6 15. a3 O-O 16. axb4 Qxb4 17. f3 a5 18. Ra4 Qb6+ 19. Qf2 Qc7 20. Rfa1 h6 21. Nc4 d5 22. exd5 Nxd5 23. Rxa5 Rxa5 24. Rxa5 Qf4 25. Ra1 Qf6 26. Ra7 Bc6 27. Na5 Ba8 28. Nc4 Nf4 29. Bf1 Bd5 30. Ne3 g5 31. g3 Ng6 32. Nxd5 exd5 33. Ra6 Qc3 34. Bd3 Ne5 35. Rxh6 Ra8 36. Qe3 Ng6 37. Qxg5 Qe1+ 38. Kg2 Ra1 39. Rxg6+ fxg6 40. Qxg6+ Kf8 41. Qf5+ Ke7 42. Qg5+ Kd6 43. Qf6+ Kc5 44. Qf8+ Kc6 45. Qc8+ Kd6 46. Qb8+ Kc6 47. Bb5+ Kc5 48. Kh3 Qe6+ 49. Kg2 Qb6 50. Qxb6+ Kxb6 51. Bd3 Kc5 52. g4 Kd4 53. Kg3 Ke5 54. f4+ Kf6 55. h4 Rg1+ 56. Kf3 Rh1 57. g5+ Ke6 58. f5+ Ke5 59. Kg4 Rh2 60. f6 Rg2+ 61. Kh5 d4 62. Kg6 Rg1 63. h5 Ra1 64. h6 Ra8 65. h7 Ke6 66. Kg7 Ra7+ 67. Kg6 Ra8 68. Bc4+ Ke5 69. Bg8 1-0


[Site "https://www.chess.com"]

[Event "Titled Tuesday Blitz June 20 Late 2023"]
[White "Gomez Barrera, Javiera Belen"]
[Black "Vila Dupla, Aurelio"]
[WhiteFideId "3418723"]
[BlackFideId "2203383"]
[WhiteElo "2119"]
[BlackElo "2009"]
[Result "0-1"]
[Round "7"]
[TimeControl "180+2"]
[Date "2023.06.20"]
[WhiteClock "0:00:00"]
[BlackClock "0:00:05"]
[Board "107"]

1. e4 c5 2. Nf3 d6 3. d4 cxd4 4. Nxd4 Nf6 5. Nc3 g6 6. Be3 Bg7 7. f3 O-O 8. Qd2 Nc6 9. O-O-O d5 10. exd5 Nxd5 11. Nxc6 bxc6 12. Bd4 Nxc3 13. Qxc3 Bh6+ 14. Be3 Bxe3+ 15. Qxe3 Qb6 16. Qxe7 Be6 17. Qa3 Rad8 18. Bd3 c5 19. Be4 Rd4 20. c3 Rdd8 21. Rxd8 Rxd8 22. b3 Qd6 23. Qb2 Qf4+ 24. Kb1 Rd2 25. Qc1 Qd6 26. g3 a5 27. Bc2 a4 28. Rd1 Rxd1 29. Qxd1 Qb6 30. Kb2 Qa5 31. Qe1 a3+ 32. Kc1 Qb5 33. h4 Bd5 34. c4 Bxc4 35. bxc4 Qb2+ 36. Kd2 Qd4+ 37. Kc1 Qb2+ 38. Kd1 Qd4+ 39. Qd2 Qg1+ 40. Ke2 Qxg3 41. Qd8+ Kg7 42. Qg5 Qh2+ 43. Kd3 Qd6+ 44. Qd5 Qf4 45. Qe4 Qd6+ 46. Kc3 Qf6+ 47. Kd2 Qd6+ 48. Ke3 Qh2 49. Bd3 Qg1+ 50. Kf4 Qh2+ 51. Ke3 Qg1+ 52. Kd2 Qa1 53. Ke3 Qc1+ 54. Kf2 Qd2+ 55. Kg3 Qxa2 56. Qe5+ Kh6 57. Qxc5 Qb2 58. Qg5+ Kg7 59. c5 a2 60. Bc4 a1=Q 0-1


[Site "https://www.chess.com"]

[Event "Titled Tuesday Blitz June 20 Late 2023"]
[White "Ward, Ieuan C"]
[Black "Szyszylo, Rafal"]
[WhiteFideId "406627"]
[BlackFideId "1109626"]
[WhiteElo "2278"]
[BlackElo "1951"]
[Result "0-1"]
[Round "7"]
[TimeControl "180+2"]
[Date "2023.06.20"]
[WhiteClock "0:00:00"]
[BlackClock "0:00:02"]
[Board "108"]

1. d4 d6 2. c4 g6 3. Nc3 Nf6 4. Nf3 Bg7 5. g3 O-O 6. Bg2 c6 7. O-O Qb6 8. Qc2 Bg4 9. Rd1 Nfd7 10. Be3 Qa5 11. h3 Bxf3 12. Bxf3 Na6 13. a3 e5 14. b4 Qc7 15. d5 c5 16. Nb5 Qb8 17. Rab1 f5 18. Qd2 b6 19. Bg5 Rf7 20. e4 Nf6 21. exf5 gxf5 22. Qe2 Qf8 23. Qc2 e4 24. Be2 h6 25. Bf4 Rd8 26. Qa4 Nc7 27. bxc5 Nxb5 28. Qxb5 bxc5 29. Qc6 Qe7 30. Rb3 Bf8 31. Rdb1 Qd7 32. Rb7 Qe8 33. Qa6 Rxb7 34. Rxb7 Rd7 35. Qxa7 Rxb7 36. Qxb7 Qa4 37. Qb8 Qxa3 38. Bxd6 Qc1+ 39. Kg2 Nh7 40. Bxf8 Nxf8 41. Qf4 Qc3 42. Qxf5 Qd4 0-1


[Site "https://www.chess.com"]

[Event "Titled Tuesday Blitz June 20 Late 2023"]
[White "Yeritsyan, Hayk"]
[Black "Tarnowska, Aleksandra"]
[WhiteFideId "13307320"]
[BlackFideId "1180967"]
[WhiteElo "2454"]
[BlackElo "1776"]
[Result "1-0"]
[Round "7"]
[TimeControl "180+2"]
[Date "2023.06.20"]
[WhiteClock "0:00:46"]
[BlackClock "0:00:03"]
[Board "109"]

1. d4 d5 2. Nf3 e6 3. e3 Nf6 4. Bd3 Bd6 5. Nbd2 b6 6. Qe2 Bb7 7. Ne5 Nbd7 8. f4 c5 9. c3 c4 10. Bc2 Rc8 11. Qf3 Qe7 12. O-O g6 13. g4 h5 14. g5 Ne4 15. Nxe4 Bxe5 16. fxe5 dxe4 17. Qf4 b5 18. h4 Nb6 19. Bxe4 Bxe4 20. Qxe4 Nd5 21. Qf3 O-O 22. e4 Nb6 23. Be3 a5 24. a3 b4 25. axb4 axb4 26. d5 Qc7 27. d6 Qc6 28. Ra6 Rb8 29. Qf2 Qb5 30. Rxb6 Rxb6 31. Bxb6 bxc3 32. bxc3 Qxe5 33. Bd4 Qxe4 34. Qf4 Qd3 35. Qe5 f6 36. Qxe6+ Kg7 37. gxf6+ Kh7 38. Qe7+ Kg8 39. Qg7# 1-0


[Site "https://www.chess.com"]

[Event "Titled Tuesday Blitz June 20 Late 2023"]
[White "Howell, David W L"]
[Black "Melikhov, Evgeny V."]
[WhiteFideId "410608"]
[BlackFideId "4122046"]
[WhiteElo "2567"]
[BlackElo "2158"]
[Result "1-0"]
[Round "7"]
[TimeControl "180+2"]
[Date "2023.06.20"]
[WhiteClock "0:00:32"]
[BlackClock "0:00:26"]
[Board "110"]

1. e4 e5 2. Bc4 Nf6 3. Nc3 Nc6 4. d3 Bc5 5. f4 d6 6. Nf3 Bg4 7. h3 Bxf3 8. Qxf3 Nd4 9. Qd1 c6 10. fxe5 dxe5 11. Bg5 b5 12. Bb3 Nxb3 13. axb3 Qd4 14. Qf3 Nd7 15. Ra2 f6 16. Bd2 O-O 17. Ne2 Qd6 18. Be3 Rf7 19. O-O Bxe3+ 20. Qxe3 Qc5 21. Qxc5 Nxc5 22. Rfa1 g6 23. g4 Ne6 24. Ra6 Rc7 25. Kf2 Kf7 26. Ke3 Ke7 27. b4 Kd7 28. h4 Kc8 29. Rf1 Kb7 30. Rxf6 Kxa6 31. Rxe6 Kb6 32. Rxe5 a5 33. bxa5+ Rxa5 34. b4 Ra1 35. h5 Rh1 36. hxg6 hxg6 37. Re6 Rh3+ 38. Kd2 Rf7 39. Nd4 Rf2+ 40. Kc3 g5 41. Rxc6+ Kb7 42. Rg6 Rg3 43. Rxg5 Rfg2 44. Rxb5+ Ka6 45. Rg5 Rxg4 46. Rxg4 Rxg4 47. Kc4 Kb6 48. Kd5 Rg5+ 49. e5 Kc7 50. Ne6+ 1-0


[Site "https://www.chess.com"]

[Event "Titled Tuesday Blitz June 20 Late 2023"]
[White "Vlassov, Nikolai"]
[Black "Sadilek, Peter"]
[WhiteFideId "4103360"]
[BlackFideId "1616439"]
[WhiteElo "2324"]
[BlackElo "2227"]
[Result "1-0"]
[Round "7"]
[TimeControl "180+2"]
[Date "2023.06.20"]
[WhiteClock "0:00:05"]
[BlackClock "0:00:00"]
[Board "111"]

1. e4 g6 2. Nc3 Bg7 3. h4 h5 4. Nf3 c5 5. Bc4 Nc6 6. d3 d6 7. Ng5 e6 8. Be3 a6 9. Qd2 b5 10. Bb3 Nf6 11. f3 Nd4 12. Ne2 Nxb3 13. axb3 Nd7 14. d4 O-O 15. g4 cxd4 16. Bxd4 Bxd4 17. Nxd4 Nf6 18. gxh5 Nxh5 19. O-O-O Qf6 20. Nc6 Bb7 21. Qxd6 Bxc6 22. Qxc6 Rac8 23. Qb6 Nf4 24. Qe3 e5 25. Nh3 Nxh3 26. Rxh3 Qe6 27. Rg3 Rc6 28. h5 Rfc8 29. Rd2 Kg7 30. hxg6 fxg6 31. Qg5 Qxb3 32. Qxe5+ Kf8 33. Qh8+ Ke7 34. Qg7+ Ke8 35. Qd7+ Kf8 36. Rgg2 Qf7 37. Qxf7+ Kxf7 38. c3 b4 39. Rd3 bxc3 40. b3 Kf6 41. Ra2 Ke5 42. Kc2 Kf4 43. Ra5 Rc5 44. Rxa6 g5 45. Rf6+ Kg3 46. Rf5 Rxf5 47. exf5 Kf4 48. f6 1-0


[Site "https://www.chess.com"]

[Event "Titled Tuesday Blitz June 20 Late 2023"]
[White "Ismayil, Malak"]
[Black "Kujawski, Adam"]
[WhiteFideId "13412604"]
[BlackFideId "1100920"]
[WhiteElo "1868"]
[BlackElo "2054"]
[Result "1/2-1/2"]
[Round "7"]
[TimeControl "180+2"]
[Date "2023.06.20"]
[WhiteClock "0:01:05"]
[BlackClock "0:00:13"]
[Board "112"]

1. e4 e5 2. Nf3 Nc6 3. Bc4 Nf6 4. d3 d5 5. exd5 Nxd5 6. O-O Nb6 7. Bb3 Bg4 8. Be3 Qe7 9. Nbd2 O-O-O 10. Qe1 Nd5 11. Ba4 Nxe3 12. fxe3 Nb8 13. Qg3 Bd7 14. Bb3 f6 15. a4 Nc6 16. a5 a6 17. e4 Kb8 18. Nc4 Na7 19. Ne3 Be6 20. Bxe6 Qxe6 21. Nd5 c6 22. Nb6 Nc8 23. Nxc8 Kxc8 24. Rfd1 g6 25. Qf2 Kb8 26. Kh1 Be7 27. c3 Rhe8 28. d4 exd4 29. Rxd4 Rxd4 30. Qxd4 Rd8 31. Qe3 Bd6 32. Rd1 Bc7 33. Rxd8+ Bxd8 34. b4 Qd7 35. Qd4 Qxd4 36. Nxd4 Be7 37. Kg1 c5 38. Nc2 cxb4 39. cxb4 Kc7 40. Kf2 Kc6 41. Nd4+ Kd7 42. Nc2 Kc6 43. Nd4+ Kd7 44. Nc2 Kc6 1/2-1/2


[Site "https://www.chess.com"]

[Event "Titled Tuesday Blitz June 20 Late 2023"]
[White "Bueno, Alfeu Junior Varela"]
[Black "Srdanovic, Jovana"]
[WhiteFideId "2108879"]
[BlackFideId "954810"]
[WhiteElo "2175"]
[BlackElo "2155"]
[Result "1-0"]
[Round "7"]
[TimeControl "180+2"]
[Date "2023.06.20"]
[WhiteClock "0:00:20"]
[BlackClock "0:00:54"]
[Board "113"]

1. e4 c5 2. Nc3 Nc6 3. f4 d6 4. Nf3 e6 5. Bb5 Ne7 6. O-O a6 7. Bxc6+ Nxc6 8. d3 Be7 9. Be3 O-O 10. Kh1 b5 11. Qe1 Bb7 12. Qg3 d5 13. exd5 exd5 14. d4 cxd4 15. Nxd4 Bf6 16. Rad1 Nxd4 17. Bxd4 Bxd4 18. Rxd4 Qf6 19. Qd3 Rfe8 20. h3 h6 21. Rd1 Rac8 22. b3 b4 23. Nxd5 Bxd5 24. Rxd5 Qxf4 25. Rf1 Qh4 26. Rd7 Re1 27. Rxf7 Rxf1+ 28. Rxf1 Rc3 29. Qxa6 Rxc2 30. Qe6+ Kh8 31. Rf8+ 1-0


[Site "https://www.chess.com"]

[Event "Titled Tuesday Blitz June 20 Late 2023"]
[White "Zaitsev, Alexander"]
[Black "Rian, Kapriaga"]
[WhiteFideId "4164490"]
[BlackFideId "7103263"]
[WhiteElo "2373"]
[BlackElo "2340"]
[Result "1-0"]
[Round "7"]
[TimeControl "180+2"]
[Date "2023.06.20"]
[WhiteClock "0:00:51"]
[BlackClock "0:00:16"]
[Board "114"]

1. e4 d5 2. exd5 Qxd5 3. Nc3 Qd8 4. d4 Nf6 5. Nf3 Bg4 6. Be2 c6 7. O-O e6 8. h3 Bxf3 9. Bxf3 Nbd7 10. Ne2 Bd6 11. c3 O-O 12. Ng3 Qa5 13. Re1 Rfd8 14. Qb3 Rab8 15. Ne4 Nxe4 16. Bxe4 Nf6 17. Bf3 h6 18. Be3 c5 19. dxc5 Bxc5 20. Bf4 Bd6 21. Be3 Bc5 22. Bxc5 Qxc5 23. Rad1 b6 24. Qa4 a5 25. Qc6 Qxc6 26. Bxc6 Kf8 27. Kf1 Ke7 28. Ke2 Rxd1 29. Rxd1 Rd8 30. Rd3 Rxd3 31. Kxd3 Kd6 32. Bf3 e5 33. b4 Nd7 34. Kc4 f5 35. Kb5 axb4 36. cxb4 e4 37. Be2 g5 38. a4 Ke5 39. Kc6 Ke6 40. Kc7 Ke7 41. Bb5 Ne5 42. a5 bxa5 43. bxa5 g4 44. hxg4 fxg4 45. a6 h5 46. a7 h4 47. a8=Q h3 48. gxh3 gxh3 49. Qxe4 h2 50. Qxe5+ 1-0


[Site "https://www.chess.com"]

[Event "Titled Tuesday Blitz June 20 Late 2023"]
[White "cristianserban1"]
[Black "Prieto Aranguren, Alain"]
[BlackFideId "2268906"]
[WhiteElo "2483"]
[BlackElo "2209"]
[Result "0-1"]
[Round "7"]
[TimeControl "180+2"]
[Date "2023.06.20"]
[WhiteClock "0:00:00"]
[BlackClock "0:00:08"]
[Board "115"]

1. d4 g6 2. e4 Bg7 3. Nf3 d6 4. Bc4 Nf6 5. Qe2 O-O 6. O-O Nc6 7. h3 e5 8. dxe5 dxe5 9. Rd1 Qe7 10. Nc3 Be6 11. Nd5 Bxd5 12. exd5 Na5 13. Bd2 Nxc4 14. Qxc4 Rad8 15. Bb4 Qd7 16. Bxf8 Bxf8 17. Nxe5 Qd6 18. Qf4 Bg7 19. Nd3 Qxd5 20. Re1 c6 21. Rad1 Qxa2 22. Qc7 Rd7 23. Qc8+ Bf8 24. Re8 Nxe8 25. Qxd7 Nd6 26. Re1 Kg7 27. Qg4 Nf5 28. Qe4 Kg8 29. g4 Nh4 30. Kh1 Bd6 31. Qe8+ Kg7 32. Qe4 Kg8 33. Rd1 Bf8 34. Ne1 Qxb2 35. Rd8 Qb5 36. Kg1 Qg5 37. Qe8 Qh6 0-1


[Site "https://www.chess.com"]

[Event "Titled Tuesday Blitz June 20 Late 2023"]
[White "Shuvalov, Evgenij"]
[Black "Stanisz, Patryk"]
[WhiteFideId "4187237"]
[BlackFideId "1123106"]
[WhiteElo "2080"]
[BlackElo "2069"]
[Result "1/2-1/2"]
[Round "7"]
[TimeControl "180+2"]
[Date "2023.06.20"]
[WhiteClock "0:00:09"]
[BlackClock "0:00:02"]
[Board "116"]

1. d4 d5 2. c4 c6 3. Nf3 Nf6 4. Nc3 e6 5. e3 Nbd7 6. Bd3 dxc4 7. Bxc4 b5 8. Bd3 b4 9. Ne4 c5 10. dxc5 Bxc5 11. Nxc5 Nxc5 12. Bb5+ Ke7 13. O-O Qb6 14. Nd4 Bb7 15. Be2 Rhd8 16. Bf3 Kf8 17. Bxb7 Qxb7 18. Qf3 Nce4 19. Qh3 Rd5 20. f3 Rh5 21. Nxe6+ Kg8 22. Qxh5 Nxh5 23. Nd4 Nc5 24. e4 Rd8 25. Be3 Ne6 26. Nf5 Nhf4 27. Rf2 g6 28. Nh6+ Kg7 29. Ng4 f6 30. Rc2 Rc8 31. Rac1 Rxc2 32. Rxc2 Qd7 33. Nf2 g5 34. g3 Ng6 35. Kg2 h5 36. Rd2 Qa4 37. b3 Qa6 38. Nd3 Qb5 39. Bxa7 h4 40. Be3 hxg3 41. hxg3 Ne5 42. Nxe5 fxe5 43. Rd5 Qe2+ 44. Bf2 Nd4 45. Rxe5 Qxf3+ 46. Kg1 Ne2+ 47. Kf1 Nxg3+ 48. Kg1 Nxe4 49. Bd4 Qg3+ 50. Kf1 Nd2+ 51. Ke2 Qg2+ 52. Kd3 Kg6 53. Re2 Qd5 54. Rxd2 g4 55. Re2 g3 56. Re5 Qf3+ 57. Re3 Qf1+ 58. Ke4 g2 59. Rg3+ Kh5 60. Be3 Qe1 61. Rg5+ Kh4 62. Rg7 Qb1+ 63. Kf4 Qf1+ 64. Ke4 Kh5 65. Rg5+ Kh4 66. Rg7 Kh3 67. Rh7+ Kg4 68. Rg7+ Kh4 69. Rh7+ Kg3 70. Rg7+ Kh4 71. Rh7+ Kg4 72. Rg7+ Kh5 73. Rg5+ Kh4 74. Rg7 1/2-1/2


[Site "https://www.chess.com"]